 Dungeon Crawl Stone Soup version 0.27.1-2-g3b301248ec (webtiles) character file.

Game seed: 12672654402581084618

814 VictoriousLee the Zephyrmancer (level 7, -5/36 HPs)
             Began as a Tengu Summoner on Sept 25, 2021.
             Was an Initiate of Vehumet.
             Shot with an arrow by a centaur (9 damage)
             ... on level 7 of the Dungeon.
             The game lasted 00:28:31 (6570 turns).

VictoriousLee the Zephyrmancer (Tengu Summoner)     Turns: 6570, Time: 00:28:32

Health: -5/36      AC:  2    Str:  9    XL:     7   Next: 93%
Magic:  8/12       EV: 15    Int: 17    God:    Vehumet [......]
Gold:   222        SH:  0    Dex: 20    Spells: 2/12 levels left

rFire    . . .     SeeInvis .   l - +1 dagger (freeze)
rCold    . . .     Faith    .   (no shield)
rNeg     . . .     Spirit   .   a - +0 robe
rPois    +         Reflect  .   (helmet restricted)
rElec    .         Harm     .   (no cloak)
rCorr    .         Rampage  .   (no gloves)
Will     .....                  (boots unavailable)
Stlth    ++........             (no amulet)
HPRegen  0.12/turn              k - +6 ring of dexterity
MPRegen  0.13/turn              u - ring of poison resistance

@: flying quickly and evasively, quick
A: beak, talons 3, nimble flight
a: Renounce Religion


You were on level 7 of the Dungeon.
You worshipped Vehumet.
Vehumet was noncommittal.
You visited 2 branches of the dungeon, and saw 8 of its levels.

You collected 222 gold pieces.

Inventory:

Hand Weapons
 l - a +1 dagger of freezing (weapon)
 p - a +3 scythe of distortion
 q - a +0 falchion
 r - a +1 dagger of flaming
 K - a +3 halberd
Missiles
 b - 42 bolts
 v - 7 poisoned darts
 w - 5 boomerangs
 y - 82 arrows
Armour
 a - a +0 robe (worn)
 n - a +0 leather armour
 G - a +3 ring mail
Jewellery
 k - a +6 ring of dexterity (left hand)
 u - a ring of poison resistance (right hand)
 D - a ring of ice
Wands
 C - a wand of acid (7)
 J - a wand of mindburst (12)
 M - a wand of polymorph (7)
Scrolls
 f - 2 scrolls of blinking
 h - a scroll of silence
 t - a scroll of immolation {unknown}
 x - a scroll of acquirement {unknown}
 A - a scroll of enchant weapon {unknown}
 B - a scroll of magic mapping
 E - a scroll of fear {unknown}
 F - a scroll of torment {unknown}
 H - a scroll of noise {unknown}
Potions
 i - a potion of mutation {unknown}
 j - a potion of might {unknown}
 m - 2 potions of haste
 z - a potion of cancellation {unknown}
 I - a potion of heal wounds {unknown}
 L - a potion of attraction {unknown}
 N - a potion of brilliance {unknown}
 O - a potion of degeneration {unknown}


   Skills:
 - Level 2.1 Dodging
 - Level 2.0 Stealth
 - Level 3.0 Spellcasting
 + Level 7.2 Summonings
 - Level 9.0 Air Magic


You had 2 spell levels left.
You knew the following spells:

 Your Spells              Type           Power      Damage    Failure   Level
a - Call Imp              Summ           27%        N/A       1%          2
b - Summon Small Mammal   Summ           100%       N/A       1%          1
c - Call Canine Familiar  Summ           27%        N/A       2%          3
s - Summon Lightning Spi  Summ/Air       30%        N/A       6%          4

Your spell library contained the following spells:

 Spells                   Type           Power      Damage    Failure   Level
 Poisonous Vapours        Pois/Air       34%        N/A       4%          2
 Sting                    Tmut/Pois      8%         1d3       17%         1
 Summon Guardian Golem    Hex/Summ       14%        N/A       12%         3
 Dazzling Flash           Conj/Hex       4%         N/A       45%         3
 Silence                  Hex/Air        8%         N/A       58%         5
 Olgreb's Toxic Radiance  Pois           2%         N/A       86%         4
 Agony                    Necr           2%         N/A       99%         5
 Orb of Destruction       Conj           1%         N/A       100%        7
 Spellforged Servitor     Conj/Summ      7%         N/A       100%        7


Dungeon Overview and Level Annotations

Branches:
Dungeon (7/15)             Temple (1/1) D:6

Altars:
Ashenzari
Cheibriados
Dithmenos
Elyvilon
Fedhas
Gozag
Kikubaaqudgha
Makhleb
Nemelex Xobeh
Okawaru
Qazlal
Sif Muna
Trog
Vehumet
Wu Jian
Xom
Yredelemnul
Zin
The Shining One

Annotations:
D:6 2 transporters, Rickety's ghost, novice SpEn


Innate Abilities, Weirdness & Mutations

You have a beak for a mouth.
You have claws for feet.
Your magical nature lets you fly swiftly and evasively.


Message History

Vehumet accepts your kill.
A centaur comes into view.
Found 18 gold pieces.
The centaur shouts!
You hear an angry buzzing noise. x2
The centaur wields a +0 shortbow.
The centaur shoots an arrow.
The arrow hits you.
A vampire mosquito comes into view.
You closely miss the vampire mosquito. You claw the vampire mosquito.
You peck the vampire mosquito, but do no damage.
The vampire mosquito is lightly damaged.
Your hound disappears in a puff of smoke!
The vampire mosquito bites you but does no damage.
The vampire mosquito bites you.
The vampire mosquito draws strength from your injuries!
A vampire mosquito comes into view.
The centaur shoots an arrow.
The arrow misses you.
The centaur shoots an arrow.
The arrow hits you! The vampire mosquito bites you.
The vampire mosquito draws strength from your injuries!
The vampire mosquito moves out of view.
The vampire mosquito bites you.
The vampire mosquito draws strength from your injuries!
Casting: Call Canine Familiar (dangerous; 2% risk of failure)
Confirm with . or Enter, or press ? or * to list all spells.
The spell is quite dangerous to cast (6% risk of failure)!
Continue anyway?
An electric hum fills the air.
The vampire mosquito bites you.
The vampire mosquito draws strength from your injuries!
The vampire mosquito bites you.
The vampire mosquito draws strength from your injuries!
The vampire mosquito bites you.
The vampire mosquito draws strength from your injuries!
Your lightning spire shoots out a bolt of lightning at the vampire mosquito!
The bolt of electricity hits the vampire mosquito!
The vampire mosquito bites your lightning spire but does no damage.
The centaur shoots an arrow.
The arrow hits you!
* * * LOW HITPOINT WARNING * * *
The vampire mosquito bites your lightning spire.
Your lightning spire shoots out a bolt of lightning at the vampire mosquito!
The bolt of electricity hits the vampire mosquito!
The centaur shoots an arrow.
The arrow hits you!
You die...

....##.....
#....# #..<.#
###.##...#
#...# ##.#
#.### .. #.#
..# ###.# .#
##8.@# #
###y.###
#####..c##
#.....###
#.####....$..
.###### .c
... ...c


You could see a vampire mosquito (ally target), a centaur and a friendly
lightning spire (summoned).

Vanquished Creatures
  A wyvern skeleton (D:5)
  A wight (D:6)
  A hound (D:4)
  A bullfrog zombie (D:6)
  Natasha (D:4)
  5 adders
  An adder zombie (D:5)
  2 dart slugs
  2 orcs (D:3)
  5 bats
  3 endoplasms (D:1)
  A giant cockroach (D:2)
  3 goblins
  2 hobgoblins
  A quokka (D:2)
  3 ball pythons
  2 frilled lizards
  7 kobolds
  3 rats
45 creatures vanquished.

Vanquished Creatures (collateral kills)
  Sigmund (D:2)
  An orc warrior (D:6)
  2 black bears
  A phantom (D:3)
  A bullfrog (D:6)
  4 wights (D:6)
  A howler monkey (D:5)
  An orc priest (D:3)
  A centaur skeleton (D:7)
  A jelly (D:6)
  3 iguanas
  3 adders
  A shadow imp (D:6)
  A worm (D:2)
  3 dart slugs
  10 orcs
  3 ball pythons
  2 bats (D:2)
  3 endoplasms
  A giant cockroach (D:1)
  8 goblins
  3 hobgoblins
  4 quokkas
  A frilled lizard (D:1)
  5 kobolds
  2 rats
67 creatures vanquished.

Grand Total: 112 creatures vanquished

Notes
Turn   | Place    | Note
-------+----------+-------------------------------------------
     0 | D:1      | VictoriousLee the Tengu Summoner began the quest for the
                  | Orb.
     0 | D:1      | Reached XP level 1. HP: 10/10 MP: 4/4
    66 | D:1      | Reached skill level 5 in Summonings
   112 | D:1      | Reached XP level 2. HP: 3/15 MP: 1/6
   441 | D:1      | Learned a level 2 spell: Call Imp
   833 | D:1      | Reached XP level 3. HP: 19/19 MP: 7/7
  1141 | D:2      | Reached skill level 1 in Air Magic
  1230 | D:2      | Reached skill level 2 in Air Magic
  1548 | D:2      | Found a faded altar of an unknown god.
  1647 | D:2      | Noticed Sigmund
  1659 | D:2      | Reached XP level 4. HP: 23/24 MP: 3/8
  1684 | D:2      | Learned a level 4 spell: Summon Lightning Spire
  1713 | D:2      | Killed Sigmund
  1714 | D:2      | Reached skill level 4 in Air Magic
  1714 | D:2      | Gained mutation: Your magical nature lets you fly swiftly
                  | and evasively. [Tengu growth]
  1714 | D:2      | Reached XP level 5. HP: 28/28 MP: 4/9
  1885 | D:3      | Noticed a phantom
  1891 | D:3      | Killed a phantom
  1892 | D:3      | Reached skill level 5 in Air Magic
  2168 | D:3      | Found a basalt altar of Yredelemnul.
  2433 | D:3      | Reached skill level 6 in Air Magic
  2524 | D:3      | Reached XP level 6. HP: 32/32 MP: 3/10
  3139 | D:4      | Noticed Natasha
  3151 | D:4      | Killed Natasha
  3472 | D:4      | Found a glowing golden altar of the Shining One.
  3512 | D:4      | Noticed a black bear
  3520 | D:4      | Killed a black bear
  3848 | D:4      | Learned a level 3 spell: Call Canine Familiar
  3938 | D:5      | Entered Level 5 of the Dungeon
  4011 | D:5      | Reached skill level 7 in Air Magic
  4176 | D:5      | Noticed a black bear
  4184 | D:5      | Killed a black bear
  4185 | D:5      | Reached XP level 7. HP: 26/36 MP: 6/12
  4572 | D:5      | Reached skill level 8 in Air Magic
  5143 | D:6      | Found a staircase to the Ecumenical Temple.
  5160 | Temple   | Entered the Ecumenical Temple
  5279 | Temple   | Became a worshipper of Vehumet
  5639 | D:6      | Reached skill level 9 in Air Magic
  5888 | D:6      | Found a transporter.
  5891 | D:6      | Noticed Rickety's ghost (novice SpEn)
  6181 | D:6      | Found a transporter.
  6318 | D:6      | Found a shimmering blue altar of Sif Muna.
  6561 | D:7      | Noticed a vampire mosquito
  6564 | D:7      | Noticed a vampire mosquito
  6570 | D:7      | Shot with an arrow by a centaur

Illustrated notes

Levels and vault maps discovered:
D:1:      lemuel_arrival_funnel, layout_basic, minmay_surrounded
D:2:      layout_rooms, ebering_ecumenical_altar_hall, uniq_sigmund
D:3:      kennysheep_the_goblin_king, layout_rooms, general_overflow_altar
D:4:      layout_gridville, lemuel_tele_altar, small_statue_intersection,
          hangedman_abyss_or_decor_stabs, minivault_19,
          minmay_misc_feat_ornament, uniq_natasha
D:5:      layout_loops_ring, roderic_malta_cross
D:6:      layout_loops_ring, led_sif_pool, minmay_temple_entry_statues_pillars,
          gammafunk_ghost_stat_death
D:7:      layout_rooms, nicolae_uskayaw_suspiria, st_stairs_14,
          chequers_arboretum, dk_rats_in_the_wall
Temple:   compressed_dpeg_circular_temple

Skill      XL: |  1  2  3  4  5  6  7 |
---------------+----------------------+-----
Summonings     | 5 6 7 |  7.2
Air Magic      | 2 4 6 7 9 |  9.0
Spellcasting   | 3 |  3.0
Dodging        | |  2.1
Stealth        | |  2.0

Action                   |  1- 3 |  4- 6 |  7- 9 || total
-------------------------+-------+-------+-------++-------
Melee: Unarmed           |    12 |       |       ||    12
       Kick              |    24 |    19 |    17 ||    60
       Peck              |    16 |    17 |    15 ||    48
       Dagger            |    85 |    60 |    52 ||   197
Throw: Boomerang         |       |       |     3 ||     3
 Cast: Summon Small Mamm |    12 |       |       ||    12
       Call Imp          |    23 |    10 |     1 ||    34
       Summon Lightning  |       |    12 |    13 ||    25
       Call Canine Famil |       |       |     3 ||     3
  Use: Scroll            |       |     2 |     6 ||     8
 Stab: Sleeping          |     4 |       |       ||     4
       Distracted        |     3 |       |     1 ||     4
Armor: Robe              |    23 |     6 |     7 ||    36
Dodge: Dodged            |    82 |    39 |    40 ||   161
